 Dungeon Sprint DCSS version bcrawl-1.19.2-6-g6a88ae04c9 (webtiles) character file.

Game seed: 11555578689392324966

371 Freyura the Basher (level 6, -1/42 HPs)
             Began as a Gargoyle Fighter on Jan 9, 2020.
             Was an Initiate of Ru.
             Slain by a two-headed ogre
             ... wielding a +0 giant spiked club
              (4 damage)
             ... in the Dungeon (Sprint IX: "|||||||||||||||||||||||||||||").
             The game lasted 00:02:53 (259 turns).

Freyura the Basher (Gargoyle Fighter)                Turns: 259, Time: 00:02:54

Health: -1/42      AC: 13    Str: 26    XL:     6   Next: 71%
Magic:  6/6        EV: 10    Int:  8    God:    Ru [......]
Gold:   0          SH: 11    Dex: 11    Spells: 5/5 levels left

rFire    . . .     SeeInvis .   a - +0 flail
rCold    . . .     Gourm    .   c - +0 shield
rNeg     + . .     Faith    .   b - +0 scale mail
rPois    ∞         Spirit   .   o - +0 helmet
rElec    +         Reflect  .   (no cloak)
rCorr    .         Harm     .   (no gloves)
MR       .....     NoTele   +   (no boots)
Stlth    ..........             (no amulet)
HPRegen  0.14/turn              p - +3 ring of strength
MPRegen  0.10/turn              q - +3 ring of strength

@: no status effects
A: negative energy resistance 1, electricity resistance, unbreathing,
petrification resistance, rot immunity, AC +4
a: Renounce Religion


You were in the Dungeon.
You worshipped Ru.
Ru was noncommittal.
You were not hungry.

You visited 1 branch

Inventory:

Hand Weapons
 a - a +0 flail (weapon)
 n - the +2 halberd of Saltpetre {freeze, rPois rC++ Int+2}
   (You found it in the Dungeon)

   It has been specially enchanted to freeze those struck by it, causing extra
   injury to most foes and up to half again as much damage against particularly
   susceptible opponents.
   It can also slow down cold-blooded creatures.
   It affects your intelligence (+2).
   It greatly protects you from cold.
   It protects you from poison.
Armour
 b - a +0 scale mail (worn)
 c - a +0 shield (worn)
 o - a +0 helmet (worn)
Jewellery
 p - a +3 ring of strength (left hand)
 q - a +3 ring of strength (right hand)
Wands
 m - a wand of iceblast (10)
Scrolls
 j - 3 scrolls of remove curse
 k - 2 scrolls of blinking
 l - 2 scrolls of amnesia
Potions
 d - a potion of invisibility
 e - 5 potions of curing
 g - 3 potions of heal wounds
 h - a potion of haste
 i - 4 potions of magic
Comestibles
 f - a ration {!d}


   Skills:
 + Level 6.9 Fighting
 * Level 8.4 Maces & Flails
 + Level 6.9 Armour
 + Level 4.5 Dodging
 + Level 6.9 Shields


You had 5 spell levels left.
You didn't know any spells.
Your spell library was empty.

Dungeon Overview and Level Annotations

Branches:
Dungeon (1/1)

Altars:
Cheibriados
Dithmenos
Elyvilon
Fedhas
Gozag
Hepliaklqana
Kikubaaqudgha
Lugonu
Makhleb
Nemelex Xobeh
Okawaru
Qazlal
Ru
Sif Muna
Trog
Uskayaw
Vehumet
Wu Jian
Xom
Yredelemnul
Zin
The Shining One
Beogh
Jiyva


Innate Abilities, Weirdness & Mutations

You are resistant to torment.
Your stone body is resilient. (AC +4)
You are immune to poison.
You resist negative energy. (rN+)
You are resistant to electric shocks. (rElec)
You can survive without breathing.
You are immune to petrification.
You are immune to rotting.


Message History

You closely miss the two-headed ogre.
The two-headed ogre is lightly wounded.
You block the two-headed ogre's attack. x2
You hit the two-headed ogre.
The two-headed ogre is lightly wounded.
The two-headed ogre closely misses you.
The two-headed ogre hits you but does no damage.
You barely miss the two-headed ogre.
The two-headed ogre is lightly wounded.
You hit the two-headed ogre.
The two-headed ogre is lightly wounded.
The two-headed ogre hits you with a +0 giant spiked club!
The two-headed ogre hits you with a +0 giant club!
* * * LOW HITPOINT WARNING * * *
You hit the two-headed ogre.
The two-headed ogre is moderately wounded.
The two-headed ogre hits you with a +0 giant spiked club!
* * * LOW HITPOINT WARNING * * *
The two-headed ogre hits you with a +0 giant club.
You die...

▓.▓
▓.▓
▓|▓
▓)▓
▓.▓
▓[▓
▓[▓
▓.▓
▓@▓
▓O▓
▓{▓
▓T▓
▓Y▓
▓.▓
▓.▓
▓.▓


You could see a two-headed ogre, a troll and an ice beast.

Vanquished Creatures
  A kobold demonologist (D)
  An ogre (D)
  An iguana (D)
  An adder (D)
  A dart slug (D)
  A leopard gecko (D)
  An orc (D)
  2 bats (D)
  A bat zombie (D)
  A goblin (D)
  A leopard gecko zombie (D)
12 creatures vanquished.

Notes
Turn   | Place    | Note
-------+----------+-------------------------------------------
     0 | D        | Freyura the Gargoyle Fighter began the quest for the Orb.
     0 | D        | Reached XP level 1. HP: 14/14 MP: 1/1
    23 | D        | Reached skill level 1 in Dodging
    23 | D        | Reached XP level 2. HP: 13/20 MP: 2/2
    27 | D        | Reached skill level 3 in Maces & Flails
   123 | D        | Noticed an ogre
   130 | D        | Killed an ogre
   130 | D        | Reached skill level 5 in Maces & Flails
   130 | D        | Reached skill level 5 in Armour
   130 | D        | Reached skill level 5 in Shields
   130 | D        | Reached XP level 3. HP: 25/25 MP: 3/3
   130 | D        | Reached XP level 4. HP: 30/30 MP: 4/4
   133 | D        | Reached skill level 5 in Fighting
   136 | D        | Reached XP level 5. HP: 35/35 MP: 5/5
   145 | D        | Found a roughly hewn altar of Beogh.
   145 | D        | Found a snail-covered altar of Cheibriados.
   145 | D        | Found a shadowy altar of Dithmenos.
   145 | D        | Found a white marble altar of Elyvilon.
   145 | D        | Found a blossoming altar of Fedhas.
   145 | D        | Found an opulent altar of Gozag.
   146 | D        | Found a hazy altar of Hepliaklqana.
   147 | D        | Found a viscous altar of Jiyva.
   148 | D        | Found an ancient bone altar of Kikubaaqudgha.
   149 | D        | Found a corrupted altar of Lugonu.
   150 | D        | Found a burning altar of Makhleb.
   151 | D        | Found a sparkling altar of Nemelex Xobeh.
   152 | D        | Found an iron altar of Okawaru.
   153 | D        | Found a stormy altar of Qazlal.
   154 | D        | Found a sacrificial altar of Ru.
   155 | D        | Found a shimmering blue altar of Sif Muna.
   156 | D        | Found a bloodstained altar of Trog.
   157 | D        | Found a hide-covered altar of Uskayaw.
   158 | D        | Found a radiant altar of Vehumet.
   159 | D        | Found an ornate altar of the Wu Jian Council.
   160 | D        | Found a shimmering altar of Xom.
   161 | D        | Found a basalt altar of Yredelemnul.
   162 | D        | Found a glowing silver altar of Zin.
   163 | D        | Found a glowing golden altar of the Shining One.
   180 | D        | Got the +2 halberd of Saltpetre {freeze, rPois rC++ Int+2}
   217 | D        | Became a worshipper of Ru the Awakened
   237 | D        | Noticed a kobold demonologist
   237 | D        | Noticed a two-headed ogre
   237 | D        | Noticed a troll
   237 | D        | Noticed an ice beast
   242 | D        | Noticed an ice devil
   250 | D        | Killed a kobold demonologist
   250 | D        | Reached skill level 8 in Maces & Flails
   250 | D        | Reached XP level 6. HP: 40/42 MP: 6/6
   259 | D        | Slain by a two-headed ogre

Skill      XL: |  1  2  3  4  5 |
---------------+----------------+-----
Dodging        | 1 2 4 |  4.5
Maces & Flails | 5 8 |  8.4
Fighting       | 4 5 6 |  6.9
Armour         | 5 6 |  6.9
Shields        | 5 6 |  6.9

Action                   |  1- 3 |  4- 6 || total
-------------------------+-------+-------++-------
Melee: Flail             |    26 |    30 ||    56
  Use: Potion            |     2 |       ||     2
Armor: Scale mail        |    17 |     7 ||    24
Dodge: Dodged            |    11 |    12 ||    23
Block: Shield            |     8 |     7 ||    15
